 Dungeon Crawl Stone Soup version 0.26-a0-652-gafc20e3620 (webtiles) character file.

Game seed: 7671205355275178408

102 sahdkjhfkaj the Poker (level 4, -3/37 HPs)
             Began as a Merfolk Fighter on Oct 3, 2020.
             Killed by divine providence
             ... invoked by an orc priest
              (14 damage)
             ... on level 3 of the Dungeon.
             The game lasted 00:02:47 (1891 turns).

sahdkjhfkaj the Poker (Merfolk Fighter)             Turns: 1891, Time: 00:02:48

Health: -3/37      AC:  8    Str: 17    XL:     4   Next: 78%
Magic:  4/4        EV:  8    Int:  7    God:
Gold:   139        SH:  9    Dex: 13    Spells: 3/3 levels left

rFire    . . .     SeeInvis .   a - +0 trident
rCold    . . .     Faith    .   c - +0 kite shield
rNeg     . . .     Spirit   .   b - +0 scale mail
rPois    .         Reflect  .   (no helmet)
rElec    .         Harm     .   (no cloak)
rCorr    .         Rampage  .   k - +0 pair of gloves
MR       .....                  j - +0 pair of boots
Stlth    ..........             (no amulet)
HPRegen  0.12/turn              (no ring)
MPRegen  0.09/turn              (no ring)

@: no status effects
A: change form in water, swift swim, stealthy swim
a: no special abilities


You were on level 3 of the Dungeon.
You visited 1 branch of the dungeon, and saw 3 of its levels.

You collected 139 gold pieces.

Inventory:

Hand Weapons
 a - a +0 trident (weapon)
Armour
 b - a +0 scale mail (worn)
 c - a +0 kite shield (worn)
 j - a +0 pair of boots (worn)
 k - a +0 pair of gloves (worn)
Wands
 p - a wand of iceblast (12)
 q - a wand of polymorph (3)
Scrolls
 e - a scroll of teleportation {unknown}
 f - a scroll of remove curse {unknown}
 h - a scroll of enchant weapon {unknown}
 i - a scroll of magic mapping {unknown}
 l - 3 scrolls of blinking {unknown}
 m - a scroll of amnesia {unknown}
 n - a scroll of enchant armour {unknown}
 o - a scroll of fog {unknown}
 s - a scroll of fear {unknown}
Potions
 d - 2 potions of might
 g - 2 potions of curing
 r - 2 potions of haste
 t - a potion of degeneration {unknown}


   Skills:
 + Level 3.9 Fighting
 + Level 4.1 Polearms
 - Level 2.1 Armour
 + Level 2.2 Dodging
 * Level 4.1 Shields


You had 3 spell levels left.
You didn't know any spells.
Your spell library was empty.

Dungeon Overview and Level Annotations

Branches:
Dungeon (3/15)

Altars:
Gozag
Kikubaaqudgha


Message History

You are too injured to fight recklessly!
You are too injured to fight recklessly!
You are too injured to fight recklessly!
You hit the orc priest but do no damage.
The orc priest is heavily wounded.
The orc priest barely misses you.
You hit the orc priest but do no damage.
The orc priest is heavily wounded.
The orc priest invokes the aid of Beogh against you.
Beogh smites you!
* * * LOW HITPOINT WARNING * * *
You block the orc priest's attack.
You barely miss the orc priest.
The orc priest is heavily wounded.
The orc priest hits you but does no damage.
You hit the orc priest.
The orc priest is almost dead.
The orc priest calls down the wrath of Beogh upon you.
Beogh smites you!
You die...

### .....# #..
...... #.# #......
#o# ##....### #o#
#.......# #@#
#.......#
#.######.......# #
#...)).....)...#..
########.........#
#.......#..
#....)..#.#
####.####.. #.#
#.. ##########.#
##.


You could see an orc priest and an orc.

Vanquished Creatures
  Ijyb (D:2)
  An adder (D:2)
  3 dart slugs (D:1)
  5 orcs (D:3)
  2 ball pythons (D:2)
  5 giant cockroaches
  11 goblins
  10 hobgoblins
  5 bats
  2 frilled lizards
  3 kobolds
  6 rats
54 creatures vanquished.

Notes
Turn   | Place    | Note
-------+----------+-------------------------------------------
     0 | D:1      | sahdkjhfkaj the Merfolk Fighter began the quest for the
                  | Orb.
     0 | D:1      | Reached XP level 1. HP: 18/18 MP: 1/1
   154 | D:1      | Reached XP level 2. HP: 24/24 MP: 2/2
   371 | D:1      | Reached skill level 1 in Dodging
   652 | D:1      | Reached XP level 3. HP: 28/29 MP: 3/3
   940 | D:2      | Noticed Ijyb
   961 | D:2      | Killed Ijyb
   961 | D:2      | Reached XP level 4. HP: 27/37 MP: 4/4
  1518 | D:2      | Found an ancient bone altar of Kikubaaqudgha.
  1709 | D:3      | Found an opulent altar of Gozag.
  1891 | D:3      | Killed from afar by an orc priest

Illustrated notes

Levels and vault maps discovered:
D:1:      onia_arrival_pyramid, layout_rooms, serial_forest,
          infiniplex_forest_straight_2, infiniplex_forest_clump_double,
          infiniplex_forest_clump_medium, infiniplex_forest_lined_ring,
          infiniplex_forest_straight_2, infiniplex_forest_clump_curved,
          minmay_door_square, chequers_jeans, minmay_pentomino_r2
D:2:      kennysheep_the_goblin_king, layout_basic, lemuel_statue_altar
D:3:      layout_loops_ring, minmay_misc_feat_room, grunt_gozag_statues

Skill      XL: |  1  2  3  4 |
---------------+-------------+-----
Dodging        | 1 2 |  2.2
Polearms       | 4 |  4.1
Shields        | 4 |  4.1
Fighting       | |  3.9
Armour         | |  2.1

Action                   |  1- 3 |  4- 6 || total
-------------------------+-------+-------++-------
Melee: Trident           |    86 |   115 ||   201
  Use: Scroll            |       |     3 ||     3
Armor: Scale mail        |    46 |    47 ||    93
Dodge: Dodged            |    28 |    32 ||    60
Block: Kite shield       |    45 |    47 ||    92

Table legend: (Time is in decaauts)
 A = Elapsed time spent in this place.
 B = Non-inter-level travel time spent in this place.
 C = Inter-level travel time spent in this place.
 D = Time resting spent in this place.
 E = Time spent auto-exploring this place.
 F = Levels seen in this place.
 G = Mean time per level.
                   A        B        C        D        E       F      G
               +--------+--------+--------+--------+--------+-----+--------+
         Total |   1933 |   1854 |     79 |     85 |   1352 |   3 |  644.3 |
       Dungeon |   1933 |   1854 |     79 |     85 |   1352 |   3 |  644.3 |
               +--------+--------+--------+--------+--------+-----+--------+

Top non-repeatable levels by time:
     D:1: 849 daAuts
     D:2: 743 daAuts
     D:3: 340 daAuts
